[Event "Titled Tuesday Blitz June 20 Early 2023"]
[White "Shukhman, Anna"]
[Black "Avinash Ramesh"]
[WhiteFideId "54180058"]
[BlackFideId "45018340"]
[WhiteElo "2235"]
[BlackElo "2300"]
[Result "0-1"]
[Round "11"]
[TimeControl "180+2"]
[Date "2023.06.20"]
[WhiteClock "0:00:39"]
[BlackClock "0:00:59"]
[Board "34"]

1. e4 e5 2. Nf3 Nc6 3. Bc4 Bc5 4. b4 Bxb4 5. c3 Ba5 6. d4 d6 7. Qb3 Qd7 8. dxe5 dxe5 9. O-O Bb6 10. Ba3 Na5 11. Nxe5 Nxb3 12. axb3 Nf6 13. Nxd7 Nxd7 14. Nd2 Ne5 15. Be2 Be6 16. c4 Bd4 17. Rad1 O-O-O 18. Nf3 Nxf3+ 19. Bxf3 Be5 20. g3 g5 21. Be7 Rxd1 22. Rxd1 h6 23. Be2 Re8 24. Bb4 Rd8 25. Rxd8+ Kxd8 26. f3 h5 27. Bd2 f6 28. f4 Bd4+ 29. Kg2 g4 30. Bd3 Ke7 31. Be1 Kd6 32. Bf2 Kc5 33. Kf1 Bxf2 34. Kxf2 Kd4 35. Ke2 Kc3 36. e5 fxe5 37. Bg6 exf4 38. gxf4 Kxb3 39. f5 Bxc4+ 40. Ke3 h4 41. Kf4 g3 42. hxg3 hxg3 43. Kxg3 a5 44. f6 a4 45. f7 Bxf7 46. Bxf7+ Kb2 47. Kf4 a3 48. Ke5 a2 49. Bxa2 Kxa2 50. Kd5 Ka3 51. Kc5 Ka4 52. Kc4 Ka5 53. Kc5 Ka6 54. Kb4 Kb6 55. Kc4 c5 56. Kc3 Kc6 57. Kb3 b5 58. Kc3 Kd5 59. Kb3 c4+ 60. Kc3 Kc5 61. Kc2 b4 62. Kb2 Kd4 63. Kc2 c3 64. Kc1 Kc4 65. Kc2 b3+ 66. Kc1 Kd3 67. Kb1 Kd2 68. Ka1 c2 69. Kb2 c1=Q+ 70. Kxb3 Qc3+ 71. Ka4 Qb2 72. Ka5 Kd3 73. Ka6 Kc4 74. Ka7 Kc5 75. Ka6 Qb6# 0-1


[Site "https://www.chess.com"]

[Event "Titled Tuesday Blitz June 20 Early 2023"]
[White "Fernandez Guillen, Ernesto J."]
[Black "Hayrapetyan, Hovik"]
[WhiteFideId "3512428"]
[BlackFideId "13302639"]
[WhiteElo "2434"]
[BlackElo "2348"]
[Result "0-1"]
[Round "11"]
[TimeControl "180+2"]
[Date "2023.06.20"]
[WhiteClock "0:00:06"]
[BlackClock "0:00:18"]
[Board "35"]

1. e4 c5 2. Nf3 d6 3. d4 cxd4 4. Nxd4 Nf6 5. Nc3 a6 6. Bc4 e6 7. Bb3 b5 8. f3 Nbd7 9. Be3 Nc5 10. Qd2 Bb7 11. O-O-O Qc7 12. g4 Be7 13. g5 Nfd7 14. h4 Rc8 15. h5 Ne5 16. g6 hxg6 17. hxg6 Nxg6 18. Rxh8+ Nxh8 19. a3 Nxb3+ 20. Nxb3 Ng6 21. Qf2 Bh4 22. Qg1 Bf6 23. Bd4 Ne5 24. Qh1 Nc4 25. Bxf6 gxf6 26. Rd3 Ke7 27. f4 Rg8 28. Kb1 Qb6 29. Qh4 b4 30. axb4 Rg1+ 31. Rd1 Rxd1+ 32. Nxd1 Qxb4 33. Nc3 a5 34. Na2 Qb6 35. Nc3 a4 36. Nxa4 Qg1+ 37. Ka2 Bxe4 38. f5 Qa7 39. Qxe4 Qxa4+ 40. Kb1 Na3+ 0-1


[Site "https://www.chess.com"]

[Event "Titled Tuesday Blitz June 20 Early 2023"]
[White "Bazilius, Augustinas"]
[Black "Priasmoro, Novendra"]
[WhiteFideId "12832251"]
[BlackFideId "7105029"]
[WhiteElo "1980"]
[BlackElo "2412"]
[Result "0-1"]
[Round "11"]
[TimeControl "180+2"]
[Date "2023.06.20"]
[WhiteClock "0:00:01"]
[BlackClock "0:00:39"]
[Board "36"]

1. d4 Nf6 2. c4 g6 3. Nc3 d5 4. Nf3 Bg7 5. h4 h6 6. cxd5 Nxd5 7. e4 Nxc3 8. bxc3 c5 9. Be2 O-O 10. Be3 cxd4 11. cxd4 Bg4 12. O-O Nc6 13. Rb1 Bxf3 14. Bxf3 Nxd4 15. Bxd4 Bxd4 16. Rxb7 e5 17. Qb3 Qxh4 18. Qd5 Rac8 19. Qb3 Rc3 20. Qd1 Rfc8 21. Rd7 Rc1 22. Rxd4 exd4 23. Qxc1 Rxc1 24. Rxc1 Qf4 25. Rd1 Qe5 26. Kf1 Qb5+ 27. Be2 Qa4 28. Rd2 Qb4 29. Rd1 Kg7 30. g3 Qb2 31. a4 h5 32. a5 Kh6 33. a6 g5 34. Rd3 h4 35. gxh4 gxh4 36. Rh3 Kg5 37. f4+ Kxf4 38. Rxh4+ Ke3 39. Rh3+ Kxe4 40. Bd3+ Kf4 41. Be2 f5 42. Rf3+ Ke4 43. Rh3 Qd2 44. Kf2 Qf4+ 45. Rf3 Qh2+ 46. Kf1 f4 47. Ra3 Qh1+ 48. Kf2 Qh4+ 49. Kf1 Qe7 50. Rf3 Qb4 51. Kf2 Qb2 52. Kf1 Qc2 53. Rh3 Qd2 54. Ra3 Qc1+ 0-1


[Site "https://www.chess.com"]

[Event "Titled Tuesday Blitz June 20 Early 2023"]
[White "Galchenko, Matvey"]
[Black "MKlose11"]
[WhiteFideId "24175480"]
[WhiteElo "2423"]
[BlackElo "2593"]
[Result "1-0"]
[Round "11"]
[TimeControl "180+2"]
[Date "2023.06.20"]
[WhiteClock "0:00:48"]
[BlackClock "0:00:05"]
[Board "37"]

1. f4 Nf6 2. Nf3 c5 3. g3 g6 4. Bg2 Bg7 5. O-O O-O 6. d3 d5 7. Nc3 d4 8. Na4 Qc7 9. c4 b6 10. a3 Bb7 11. b4 Nbd7 12. Rb1 Rab8 13. e4 dxe3 14. Bxe3 Ng4 15. Bd2 e5 16. Nc3 Rbd8 17. Qc2 Qc8 18. Rbe1 Rfe8 19. Nb5 Qb8 20. h3 Nh6 21. fxe5 Nxe5 22. Nxe5 Rxe5 23. Rxe5 Bxg2 24. Bxh6 Bxf1 25. Bxg7 Bxd3 26. Qc3 Bxc4 27. Qxc4 Kxg7 28. Qc3 Kg8 29. Re7 a6 30. Nc7 Rf8 31. Ne6 Qd6 32. Qg7# 1-0


[Site "https://www.chess.com"]

[Event "Titled Tuesday Blitz June 20 Early 2023"]
[White "Timofeev, Artyom"]
[Black "Gavrilov, Maxim"]
[WhiteFideId "4140419"]
[BlackFideId "24271454"]
[WhiteElo "2570"]
[BlackElo "1969"]
[Result "1-0"]
[Round "11"]
[TimeControl "180+2"]
[Date "2023.06.20"]
[WhiteClock "0:02:20"]
[BlackClock "0:01:58"]
[Board "38"]

1. d4 Nf6 2. c4 e6 3. Nc3 Bb4 4. f3 O-O 5. e4 Bxc3+ 6. bxc3 d5 7. cxd5 exd5 8. e5 Re8 9. Bd3 h6 10. Ne2 Nfd7 11. O-O c5 12. f4 Nc6 13. Kh1 cxd4 14. cxd4 Qb6 15. Be3 Nf8 16. Rb1 Qa5 17. f5 Qxa2 18. f6 Ng6 19. Bxg6 1-0


[Site "https://www.chess.com"]

[Event "Titled Tuesday Blitz June 20 Early 2023"]
[White "Xu, Yi"]
[Black "Jovic, Stanoje"]
[WhiteFideId "8605564"]
[BlackFideId "905020"]
[WhiteElo "2460"]
[BlackElo "2236"]
[Result "1-0"]
[Round "11"]
[TimeControl "180+2"]
[Date "2023.06.20"]
[WhiteClock "0:02:14"]
[BlackClock "0:00:00"]
[Board "39"]

1. d4 Nf6 2. c4 e6 3. Nf3 b6 4. g3 Ba6 5. b3 Bb4+ 6. Bd2 Be7 7. Nc3 d5 8. cxd5 exd5 9. Bg2 O-O 10. O-O Re8 11. Ne5 c5 12. Bf4 Ne4 13. Nxe4 dxe4 14. Bxe4 g5 15. Bxa8 gxf4 16. e3 cxd4 17. Qg4+ Bg5 18. exf4 Bxf1 19. Rxf1 f6 20. Nd3 Nd7 21. Bd5+ Kh8 22. fxg5 Ne5 23. Nxe5 fxe5 24. Be4 Qe7 25. Rc1 Rg8 26. h4 h6 27. Rc6 hxg5 28. Rh6+ 1-0


[Site "https://www.chess.com"]

[Event "Titled Tuesday Blitz June 20 Early 2023"]
[White "Quesada Perez, Yuniesky"]
[Black "Ahmad, Khagan"]
[WhiteFideId "3504409"]
[BlackFideId "13431552"]
[WhiteElo "2585"]
[BlackElo "2209"]
[Result "1-0"]
[Round "11"]
[TimeControl "180+2"]
[Date "2023.06.20"]
[WhiteClock "0:00:42"]
[BlackClock "0:00:11"]
[Board "40"]

1. d4 Nf6 2. Bg5 e6 3. e4 h6 4. Bxf6 Qxf6 5. c3 d5 6. e5 Qd8 7. Bd3 c5 8. Ne2 Nc6 9. O-O Be7 10. Nd2 O-O 11. Nf3 f6 12. exf6 Bxf6 13. dxc5 e5 14. Bc2 Bg4 15. Bb3 Bxf3 16. gxf3 Ne7 17. f4 Rc8 18. fxe5 Bxe5 19. f4 Bf6 20. Nd4 Qe8 21. Qe2 Kh8 22. Bc2 Qf7 23. Qd3 g6 24. b4 b6 25. cxb6 axb6 26. Rf3 Rc4 27. Bb3 Bxd4+ 28. cxd4 Rc6 29. Re1 Nf5 30. Rff1 Qf6 31. Re5 Rfc8 32. Bxd5 Rc3 33. Qe2 Nxd4 34. Re8+ Kg7 35. Qe7+ Qxe7 36. Rxe7+ Kf6 37. Rf7# 1-0


[Site "https://www.chess.com"]

[Event "Titled Tuesday Blitz June 20 Early 2023"]
[White "Goltsev, Dmitry"]
[Black "Garcia Blanco, Omar"]
[WhiteFideId "24176710"]
[BlackFideId "2287153"]
[WhiteElo "2356"]
[BlackElo "2356"]
[Result "1-0"]
[Round "11"]
[TimeControl "180+2"]
[Date "2023.06.20"]
[WhiteClock "0:00:16"]
[BlackClock "0:00:00"]
[Board "41"]

1. e4 c6 2. d4 d5 3. Nc3 dxe4 4. Nxe4 Bf5 5. Ng3 Bg6 6. Nh3 Nf6 7. Nf4 e5 8. dxe5 Qa5+ 9. c3 Qxe5+ 10. Be2 Nbd7 11. O-O Bc5 12. Re1 O-O 13. Bc4 Qc7 14. b4 Bd6 15. Nxg6 hxg6 16. Bg5 a5 17. a3 Rae8 18. Qc2 Ne5 19. Bb3 c5 20. Bxf6 gxf6 21. Rxe5 Rxe5 22. Qxg6+ Kh8 23. Qxf6+ Kg8 24. Nf5 Rxf5 25. Qxf5 Bxh2+ 26. Kh1 Be5 27. Re1 Bg7 28. bxc5 Rc8 29. Re3 Rd8 30. Rf3 Rd7 31. Rg3 Kf8 32. Qh7 Qe5 33. Kh2 Rc7 34. Qd3 Qe7 35. f4 Rxc5 36. Re3 Qh4+ 37. Kg1 Rc8 38. Qd7 1-0


[Site "https://www.chess.com"]

[Event "Titled Tuesday Blitz June 20 Early 2023"]
[White "Subelj, Jan"]
[Black "Pakleza, Zbigniew"]
[WhiteFideId "14618583"]
[BlackFideId "1119290"]
[WhiteElo "2499"]
[BlackElo "2410"]
[Result "1-0"]
[Round "11"]
[TimeControl "180+2"]
[Date "2023.06.20"]
[WhiteClock "0:00:49"]
[BlackClock "0:00:00"]
[Board "42"]

1. e4 d6 2. d4 Nf6 3. f3 Nbd7 4. Be3 e5 5. Bc4 Be7 6. Ne2 O-O 7. Nbc3 c6 8. O-O b5 9. Bb3 a5 10. d5 Bb7 11. dxc6 Bxc6 12. a4 b4 13. Nd5 Nxd5 14. Bxd5 Rc8 15. c3 bxc3 16. Nxc3 Nf6 17. Bxc6 Rxc6 18. Nd5 Qd7 19. Qd2 Ra8 20. Nb6 Rxb6 21. Bxb6 Qb7 22. Bf2 h6 23. Rfd1 Ne8 24. Qd5 Qb8 25. Rac1 Bd8 26. Qb5 Qxb5 27. axb5 Rb8 28. Rc6 Kf8 29. b6 Ke7 30. Rdc1 Kd7 31. Kf1 g6 32. Ke2 Ng7 33. Be3 Ne6 34. g3 f5 35. R6c3 h5 36. Ra1 fxe4 37. fxe4 Bxb6 38. Rb3 Bxe3 39. Rxb8 Bd4 40. Rxa5 Nc5 41. Rg8 Bxb2 42. Kf3 1-0


[Site "https://www.chess.com"]

[Event "Titled Tuesday Blitz June 20 Early 2023"]
[White "Girya, Olga"]
[Black "Weetik, Vjacheslav"]
[WhiteFideId "4195752"]
[BlackFideId "4153472"]
[WhiteElo "2263"]
[BlackElo "2469"]
[Result "1-0"]
[Round "11"]
[TimeControl "180+2"]
[Date "2023.06.20"]
[WhiteClock "0:00:06"]
[BlackClock "0:00:00"]
[Board "43"]

1. d4 Nf6 2. Nf3 e6 3. c4 Bb4+ 4. Bd2 Qe7 5. g3 Nc6 6. a3 Bxd2+ 7. Qxd2 e5 8. d5 Nb8 9. Qg5 e4 10. Nd4 h6 11. Qf4 d6 12. Nc3 O-O 13. Bg2 Re8 14. O-O a5 15. b4 Na6 16. Rab1 axb4 17. axb4 Bd7 18. Qe3 Qe5 19. Rfd1 Ng4 20. Qf4 Qxf4 21. gxf4 e3 22. f3 Nf6 23. f5 Nh5 24. h4 Nf4 25. Kh2 g5 26. Kg3 Kg7 27. Bh3 Kf6 28. hxg5+ hxg5 29. Bg4 c5 30. bxc5 dxc5 31. Nc2 Nb4 32. Nxb4 cxb4 33. Rxb4 Ra3 34. Rb6+ Kg7 35. Ne4 Nxe2+ 36. Kg2 Nf4+ 37. Kg3 Ne2+ 38. Kg2 Nf4+ 39. Kg3 e2 40. Re1 Rd8 41. Nxg5 Nd3 42. Rxe2 Nc5 43. Re7 1-0


[Site "https://www.chess.com"]

[Event "Titled Tuesday Blitz June 20 Early 2023"]
[White "Yuan, Qingyu"]
[Black "Bodnaruk, Anastasia"]
[WhiteFideId "8609772"]
[BlackFideId "4181751"]
[WhiteElo "2359"]
[BlackElo "2304"]
[Result "1-0"]
[Round "11"]
[TimeControl "180+2"]
[Date "2023.06.20"]
[WhiteClock "0:00:18"]
[BlackClock "0:00:17"]
[Board "44"]

1. e4 c5 2. Nf3 d6 3. Bb5+ Nd7 4. c3 Nf6 5. Qe2 a6 6. Ba4 b5 7. Bc2 e5 8. O-O Be7 9. d4 Bb7 10. a4 O-O 11. d5 c4 12. Be3 Nb6 13. h3 bxa4 14. Nbd2 Rc8 15. Bxa4 Qc7 16. Ra3 Nfd7 17. Bxd7 Nxd7 18. Ra4 a5 19. Rxc4 Qb8 20. Ra4 Bd8 21. Rfa1 Qa8 22. c4 Qb8 23. b4 axb4 24. Rxb4 Nc5 25. Rab1 Rc7 26. Bxc5 dxc5 27. Rb5 f6 28. Qe3 Qc8 29. d6 Rd7 30. Rxc5 Qa8 31. Rcb5 Bc6 32. Rb8 Qa2 33. c5 Kh8 34. Qb3 Qa7 35. Qc4 g6 36. Nf1 Kg7 37. Ne3 h5 38. Rc8 Bb7 39. Rxd8 Rdxd8 40. c6 Ba6 41. Qe6 Rfe8 42. Qd5 Rb8 43. Ra1 Qb6 44. d7 Red8 45. Qd6 Bb5 46. Qe7+ Kh6 47. Qxf6 Qxc6 48. Nf5+ Kh7 49. Qg7# 1-0


[Site "https://www.chess.com"]

[Event "Titled Tuesday Blitz June 20 Early 2023"]
[White "Tristan, Leonardo"]
[Black "Zaragatski, Ilja"]
[WhiteFideId "113816"]
[BlackFideId "4655192"]
[WhiteElo "2461"]
[BlackElo "2460"]
[Result "1-0"]
[Round "11"]
[TimeControl "180+2"]
[Date "2023.06.20"]
[WhiteClock "0:00:48"]
[BlackClock "0:00:08"]
[Board "45"]

1. d4 e6 2. Nf3 c5 3. c3 Nf6 4. Bf4 Qb6 5. Qb3 cxd4 6. Qxb6 axb6 7. Nxd4 d6 8. Nb5 Kd7 9. Nd2 Nd5 10. Bg3 Nc7 11. Nc4 Nxb5 12. Nxb6+ Kc6 13. Nxa8 b6 14. a4 Na7 15. e4 Kb7 16. Nxb6 Kxb6 17. b4 Be7 18. a5+ Kc7 19. b5 Kd7 20. b6 Nac6 21. a6 Bf6 22. Kd2 Ne5 23. a7 Bb7 24. a8=Q Bxa8 25. Rxa8 Kc6 26. Ba6 Kxb6 27. Rb1+ Kc7 28. Rb7+ Kc6 29. Rbxb8 Rxb8 30. Rxb8 1-0


[Site "https://www.chess.com"]

[Event "Titled Tuesday Blitz June 20 Early 2023"]
[White "Aloma Vidal, Robert"]
[Black "Petrosian, Karlen"]
[WhiteFideId "2260409"]
[BlackFideId "4176146"]
[WhiteElo "2435"]
[BlackElo "2345"]
[Result "1-0"]
[Round "11"]
[TimeControl "180+2"]
[Date "2023.06.20"]
[WhiteClock "0:00:04"]
[BlackClock "0:00:01"]
[Board "46"]

1. e4 e6 2. d4 d5 3. e5 c5 4. c3 Qb6 5. Nf3 Bd7 6. Bd3 cxd4 7. Nxd4 Nc6 8. Nxc6 Bxc6 9. O-O Bb5 10. Bxb5+ Qxb5 11. a4 Qd7 12. Be3 h5 13. b4 g6 14. Na3 Nh6 15. c4 Bxb4 16. cxd5 Bxa3 17. Rxa3 exd5 18. Rd3 Nf5 19. Rxd5 Qc7 20. Bc5 Ne7 21. Bd6 Qd7 22. Bxe7 Qxe7 23. Re1 O-O 24. Rd7 Qb4 25. e6 Kg7 26. h3 Rae8 27. e7 Rg8 28. Qa1+ f6 29. Re6 Qf4 30. Rxb7 a5 31. Rbb6 Kh7 32. Rxf6 Qc4 33. Rbc6 Qd5 34. Rcd6 Qc4 35. Rde6 Rg7 36. Qe5 Qxa4 37. Rxg6 Qd1+ 38. Kh2 Rxg6 39. Qf5 Rg8 40. Rxg6 Rxg6 41. e8=Q Qd6+ 42. g3 h4 43. Qef7+ Kh6 44. Qf4+ Rg5 45. Qxd6+ 1-0


[Site "https://www.chess.com"]

[Event "Titled Tuesday Blitz June 20 Early 2023"]
[White "Mamedov, Edgar"]
[Black "Fus, Jakub"]
[WhiteFideId "13739980"]
[BlackFideId "1193023"]
[WhiteElo "2317"]
[BlackElo "2335"]
[Result "0-1"]
[Round "11"]
[TimeControl "180+2"]
[Date "2023.06.20"]
[WhiteClock "0:00:00"]
[BlackClock "0:00:04"]
[Board "47"]

1. d4 Nf6 2. Bg5 d5 3. e3 c5 4. Bxf6 gxf6 5. dxc5 e6 6. Nf3 Bxc5 7. c4 dxc4 8. Nbd2 c3 9. bxc3 b6 10. Bb5+ Bd7 11. Bxd7+ Qxd7 12. O-O Nc6 13. Nd4 Ne5 14. Ne4 Be7 15. Qh5 f5 16. Ng3 Ng6 17. Rad1 Qc7 18. e4 fxe4 19. Nxe4 O-O 20. Rd3 Nf4 21. Rg3+ Kh8 22. Qh6 Qe5 23. Nf3 Ne2+ 24. Kh1 Nxg3+ 25. Nxg3 Qg7 26. Qe3 Rac8 27. Ne5 Rg8 28. Rg1 Rcf8 29. f4 Qh6 30. Qd4 Bf6 31. Ne4 Bg7 32. Qf2 Qh5 0-1


[Site "https://www.chess.com"]

[Event "Titled Tuesday Blitz June 20 Early 2023"]
[White "Begmuratov, Alisher"]
[Black "angelgab3"]
[WhiteFideId "14203367"]
[WhiteElo "2387"]
[BlackElo "2546"]
[Result "1-0"]
[Round "11"]
[TimeControl "180+2"]
[Date "2023.06.20"]
[WhiteClock "0:00:17"]
[BlackClock "0:00:14"]
[Board "48"]

1. e4 e5 2. Nf3 Nc6 3. Bc4 Bc5 4. O-O Nf6 5. d3 d6 6. a4 a5 7. h3 h6 8. Nbd2 Be6 9. Re1 Ba7 10. c3 O-O 11. Qb3 Qd7 12. Nf1 Rfe8 13. Be3 d5 14. exd5 Bxd5 15. Bxa7 Rxa7 16. Bxd5 Nxd5 17. d4 e4 18. Ng3 exf3 19. Rxe8+ Qxe8 20. Qxd5 fxg2 21. Qxg2 Ra8 22. Nf5 g6 23. Nxh6+ Kg7 24. Nf5+ Kh7 25. Ne3 Rd8 26. Re1 Qe7 27. Qf3 Rd6 28. Ng2 Qd7 29. Re4 Kg7 30. Qe3 Rf6 31. Rh4 Rf5 32. Qh6+ Kf6 33. Ne3 Rg5+ 34. Rg4 Rh5 35. Rf4+ Ke7 36. Qg7 Nd8 37. Qf6+ Ke8 38. Re4+ Kf8 39. Rh4 Rxh4 40. Qxh4 Ne6 41. d5 Nc5 42. Qh8+ Ke7 43. Qe5+ Kf8 44. Ng4 Qd6 45. Qh8+ Ke7 46. Qd4 b6 47. b4 axb4 48. cxb4 Nxa4 49. Ne3 b5 50. h4 Nb6 51. Qd3 c6 52. Qe4+ Kd7 53. dxc6+ Qxc6 54. Qd4+ Qd6 55. Qg7 Qf6 56. Qxf6 1-0


[Site "https://www.chess.com"]

[Event "Titled Tuesday Blitz June 20 Early 2023"]
[White "Ashraf, Artin"]
[Black "chess123456s"]
[WhiteFideId "22514805"]
[WhiteElo "2224"]
[BlackElo "2542"]
[Result "0-1"]
[Round "11"]
[TimeControl "180+2"]
[Date "2023.06.21"]
[WhiteClock "0:00:00"]
[BlackClock "0:00:30"]
[Board "49"]

1. d4 d5 2. Nf3 Nf6 3. c4 c6 4. Nc3 e6 5. e3 Nbd7 6. Qc2 Bd6 7. g4 h6 8. Rg1 e5 9. cxd5 cxd5 10. Nb5 Bb8 11. dxe5 Nxe5 12. Nxe5 Bxe5 13. g5 hxg5 14. Rxg5 Ng4 15. Rxe5+ Nxe5 16. Qc7 Nf3+ 17. Ke2 Ng1+ 18. Ke1 O-O 19. Qg3 d4 20. Qxg1 d3 21. Bd2 Bf5 22. Nd4 Bg6 23. Bc3 Re8 24. h4 Rc8 25. h5 Bxh5 26. Bxd3 Qh4 27. Kd2 Red8 28. Qg2 Qf6 29. Rg1 b5 30. Qh2 Bg6 31. Bxg6 fxg6 32. a3 a5 33. Rg4 Rc4 34. Qf4 Qxf4 35. Rxf4 b4 36. axb4 axb4 37. Kd3 bxc3 38. bxc3 Rdc8 39. Ne2 Rxf4 40. Nxf4 Kf7 41. c4 Kf6 42. Nd5+ Ke5 43. Nb4 g5 44. Nc2 g4 45. Nd4 Rf8 46. Ke2 Ke4 47. Nb5 Ra8 48. Nc3+ Ke5 49. Kd3 Rh8 50. Ke2 Rh2 51. Nd5 g3 52. Kf3 g2 53. Ke2 g1=Q 0-1


[Site "https://www.chess.com"]

[Event "Titled Tuesday Blitz June 20 Early 2023"]
[White "Druska, Juraj"]
[Black "Ljukin, Sergei"]
[WhiteFideId "14915650"]
[BlackFideId "14102200"]
[WhiteElo "2415"]
[BlackElo "2312"]
[Result "1-0"]
[Round "11"]
[TimeControl "180+2"]
[Date "2023.06.20"]
[WhiteClock "0:00:11"]
[BlackClock "0:00:02"]
[Board "50"]

1. c4 c6 2. g3 d5 3. b3 e5 4. Bb2 Bd6 5. Bg2 Nf6 6. cxd5 cxd5 7. Nc3 d4 8. Nb5 Be7 9. Rc1 Nc6 10. Rxc6 bxc6 11. Bxc6+ Bd7 12. Bxa8 Bxb5 13. Bg2 O-O 14. Nf3 d3 15. e3 e4 16. Nd4 Ba6 17. O-O Re8 18. Nc6 Qd7 19. Nxe7+ Qxe7 20. f3 exf3 21. Qxf3 Ne4 22. Qxe4 Qxe4 23. Bxe4 Rxe4 24. Bd4 Re7 25. Rc1 f6 26. Rc6 Bb7 27. Rc3 Be4 28. Rc4 a6 29. Kf2 f5 30. Ra4 Re6 31. Rb4 g5 32. Rb8+ Kf7 33. Rh8 h6 34. h3 Rc6 35. Bc3 Re6 36. Rc8 Rc6 37. Rd8 g4 38. hxg4 fxg4 39. Rd4 Bf5 40. Rf4 Kg6 41. e4 Be6 42. Ke3 h5 43. Rf6+ Kg5 44. Rf8 Rd6 45. Bf6+ Kg6 46. Be5 Rd7 47. Rf6+ Kg5 48. Rxe6 h4 49. Bf6+ Kh5 50. Bxh4 1-0


[Site "https://www.chess.com"]

[Event "Titled Tuesday Blitz June 20 Early 2023"]
[White "Martic, Ivan"]
[Black "Aggelis, Nikolaos"]
[WhiteFideId "929301"]
[BlackFideId "4213220"]
[WhiteElo "2346"]
[BlackElo "2189"]
[Result "1-0"]
[Round "11"]
[TimeControl "180+2"]
[Date "2023.06.20"]
[WhiteClock "0:00:17"]
[BlackClock "0:00:08"]
[Board "51"]

1. d4 f5 2. Bf4 Nf6 3. e3 g6 4. h4 h6 5. Bc4 e6 6. Nf3 Bg7 7. Ne5 d5 8. Be2 Rg8 9. Nxg6 Nbd7 10. Nc3 c6 11. Bd6 Nf8 12. Be7 Qc7 13. Bxf8 Bxf8 14. Nf4 Bd6 15. g3 Qe7 16. Bh5+ Nxh5 17. Qxh5+ Qf7 18. Qxf7+ Kxf7 19. Nce2 Bd7 20. O-O-O Rac8 21. h5 c5 22. dxc5 Rxc5 23. Kb1 Rgc8 24. c3 a5 25. Ng6 e5 26. f4 e4 27. Rd2 Bb5 28. Nd4 Bd3+ 29. Ka1 Kf6 30. Nh4 b5 31. Nhxf5 Bf8 32. g4 b4 33. Rc1 bxc3 34. Rxc3 Rxc3 35. bxc3 Rxc3 36. Kb2 Bb4 37. Rg2 Rc7 38. g5+ hxg5 39. fxg5+ Ke5 40. g6 Bc3+ 41. Kb3 Rb7+ 42. Kxc3 Rc7+ 43. Kd2 1-0


[Site "https://www.chess.com"]

[Event "Titled Tuesday Blitz June 20 Early 2023"]
[White "Fiorito, Joaquin"]
[Black "Lehtosaari, Mauri"]
[WhiteFideId "180173"]
[BlackFideId "501999"]
[WhiteElo "2199"]
[BlackElo "2523"]
[Result "1-0"]
[Round "11"]
[TimeControl "180+2"]
[Date "2023.06.20"]
[WhiteClock "0:00:28"]
[BlackClock "0:00:05"]
[Board "52"]

1. d4 d5 2. c4 c6 3. Nc3 Nf6 4. e3 a6 5. Nf3 b5 6. b3 Bg4 7. Be2 e6 8. O-O Nbd7 9. a4 b4 10. Nb1 a5 11. Nbd2 Bd6 12. Bb2 O-O 13. Qc2 Rc8 14. e4 Bf4 15. e5 Ne8 16. Bd3 g6 17. c5 Ng7 18. h3 Bf5 19. Rfe1 Bxd3 20. Qxd3 Nf5 21. Nf1 Re8 22. Bc1 Bxc1 23. Raxc1 h6 24. g4 Nh4 25. Ng3 Nf8 26. Nh2 Ra8 27. f4 Nh7 28. Rf1 Rf8 29. Kh1 Qe7 30. f5 Ng5 31. Qe3 Kh7 32. Rf2 gxf5 33. gxf5 Nxf5 34. Nxf5 exf5 35. Rxf5 f6 36. h4 Ne4 37. Ng4 Qg7 38. Rg1 fxe5 39. Nf6+ Qxf6 40. Rxf6 Rxf6 41. dxe5 Rf5 42. e6 Re8 43. Qd4 Re7 44. Kh2 Rf6 45. Qe5 Rfxe6 46. Qf5+ Kh8 47. Qf8+ Kh7 48. Qg8# 1-0


[Site "https://www.chess.com"]

[Event "Titled Tuesday Blitz June 20 Early 2023"]
[White "Bauman_Guy"]
[Black "Andreev, Konstantin"]
[BlackFideId "24239305"]
[WhiteElo "2644"]
[BlackElo "2106"]
[Result "1-0"]
[Round "11"]
[TimeControl "180+2"]
[Date "2023.06.20"]
[WhiteClock "0:01:23"]
[BlackClock "0:00:20"]
[Board "53"]

1. e4 c5 2. Nf3 e6 3. d4 cxd4 4. Nxd4 Nc6 5. Nc3 Qc7 6. g3 a6 7. Bg2 Nf6 8. O-O Nxd4 9. Qxd4 Bc5 10. Qd3 h5 11. Be3 Bxe3 12. Qxe3 d6 13. Rad1 e5 14. Qd2 Ke7 15. Qg5 Be6 16. Bh3 h4 17. Bxe6 Kxe6 18. Qf5+ Ke7 19. Qxf6+ gxf6 20. Nd5+ Kd7 21. Nxc7 Kxc7 22. Rd3 h3 23. Rfd1 Rad8 24. c4 b6 25. f3 Rh5 26. g4 Rg5 27. Kf2 f5 28. exf5 e4 29. Rd4 Re8 30. Kg3 e3 31. Re4 Rxe4 32. fxe4 Kc6 33. Kf3 Kc5 34. b3 b5 35. cxb5 axb5 36. Re1 Kd4 37. Rd1+ Kc5 38. Rd3 e2 39. Re3 Kd4 40. Rxe2 Kd3 41. Re1 Kd2 42. Rg1 Rg8 43. g5 Kc2 44. Kg4 Kb2 45. Kxh3 Kxa2 46. Rg3 Re8 47. g6 fxg6 48. fxg6 1-0


[Site "https://www.chess.com"]

[Event "Titled Tuesday Blitz June 20 Early 2023"]
[White "Nikologorsky, Matfei"]
[Black "Akhmedinov, Satbek"]
[WhiteFideId "24102474"]
[BlackFideId "13714287"]
[WhiteElo "2153"]
[BlackElo "1998"]
[Result "1-0"]
[Round "11"]
[TimeControl "180+2"]
[Date "2023.06.20"]
[WhiteClock "0:00:14"]
[BlackClock "0:01:12"]
[Board "54"]

1. e4 c5 2. Nf3 Nc6 3. d4 cxd4 4. Nxd4 Nf6 5. Nc3 e5 6. Ndb5 d6 7. Bg5 a6 8. Bxf6 gxf6 9. Na3 b5 10. Nd5 f5 11. g3 fxe4 12. Bg2 Bf5 13. c3 Bg7 14. Nc2 O-O 15. Nce3 Bg6 16. h4 f5 17. h5 Be8 18. h6 Bh8 19. Bh3 Bg6 20. Qb3 Rf7 21. Nxf5 Bxf5 22. Bxf5 Na5 23. Qd1 Rxf5 24. Qg4+ Rg5 25. Qe6+ Kf8 26. O-O-O Nb7 27. f4 exf3 28. Rhf1 e4 29. Qxe4 Qe8 30. Rxf3+ Bf6 31. Rxf6+ Kg8 32. Ne7+ Kh8 33. Qxb7 Rb8 34. Qc7 d5 35. Nf5 b4 36. Rf7 bxc3 37. Rxh7+ Kg8 38. Rg7+ Kf8 39. Qd6+ 1-0


[Site "https://www.chess.com"]

[Event "Titled Tuesday Blitz June 20 Early 2023"]
[White "Nogerbek, Kazybek"]
[Black "Janaszak, Dawid"]
[WhiteFideId "13710427"]
[BlackFideId "1119206"]
[WhiteElo "2498"]
[BlackElo "2220"]
[Result "0-1"]
[Round "11"]
[TimeControl "180+2"]
[Date "2023.06.20"]
[WhiteClock "0:02:28"]
[BlackClock "0:02:04"]
[Board "55"]

1. e4 c5 2. Nf3 Nc6 3. Bc4 g6 4. O-O Bg7 5. c3 e6 6. d4 d5 7. exd5 exd5 8. Re1+ Be6 9. Bb5 Ne7 10. dxc5 O-O 11. Nbd2 Qa5 12. a4 a6 13. Qb3 axb5 14. Ng5 bxa4 15. Qd1 Qxc5 16. Ndf3 Bg4 17. h3 Bxf3 18. Nxf3 Nf5 19. Rxa4 Rxa4 20. Qxa4 d4 21. cxd4 Ncxd4 22. Nxd4 Bxd4 23. Rf1 Ng3 0-1


[Site "https://www.chess.com"]

[Event "Titled Tuesday Blitz June 20 Early 2023"]
[White "Skliarov, Viktor"]
[Black "Baskakov, Egor"]
[WhiteFideId "14106736"]
[BlackFideId "24197866"]
[WhiteElo "2317"]
[BlackElo "2225"]
[Result "1/2-1/2"]
[Round "11"]
[TimeControl "180+2"]
[Date "2023.06.20"]
[WhiteClock "0:00:06"]
[BlackClock "0:00:08"]
[Board "56"]

1. e4 c5 2. Nf3 Nf6 3. e5 Nd5 4. Nc3 e6 5. Nxd5 exd5 6. d4 Nc6 7. dxc5 Bxc5 8. c3 d6 9. exd6 Qxd6 10. Bd3 O-O 11. O-O h6 12. h3 Bd7 13. b4 Bb6 14. b5 Na5 15. a4 Rfe8 16. Ba3 Qf6 17. Bb4 Rad8 18. Nd4 Nc4 19. Bxc4 dxc4 20. Qf3 Qg6 21. Qg3 Qxg3 22. fxg3 Bxd4+ 23. cxd4 Be6 24. Bc3 Bd5 25. Rfe1 f6 26. Kf2 Kf7 27. g4 a6 28. g3 Rxe1 29. Rxe1 axb5 30. axb5 Ra8 31. Bb4 Ra2+ 32. Re2 Ra4 33. Bc5 c3 34. Re7+ Kg6 35. Rc7 Rc4 36. Bd6 Rxd4 37. Rxc3 Bf7 38. Bc5 Rd2+ 39. Ke3 Rb2 40. b6 h5 41. gxh5+ Kxh5 42. Bd4 Kg6 43. Rc7 Rb3+ 44. Kf2 Bd5 45. Be3 Rb2+ 46. Ke1 Rh2 47. h4 Kf5 48. Rxg7 Ke4 49. Re7+ Kf3 50. Bf4 Rb2 51. Re3+ Kg4 52. Bc7 Bc6 53. Kd1 f5 54. Kc1 Rh2 55. Rc3 Be4 56. Kd1 Bf3+ 57. Kc1 Be4 58. Kd1 Ra2 59. Kc1 Ra4 60. Kd2 Ra2+ 61. Kc1 Kh5 62. Kd1 Kg6 63. Kc1 Kf7 64. Kd1 Rh2 65. Kc1 Ke6 66. Kd1 Kd5 67. Kc1 Kd4 68. Ra3 Rc2+ 69. Kd1 Rh2 70. Kc1 Kc4 71. Kd1 Kd4 72. Kc1 1/2-1/2


[Site "https://www.chess.com"]